 Dungeon Crawl Stone Soup version 0.29.1-12-g30fa7ad0bf (webtiles) character file.

Game seed: 3706267189427797430

462 GigaChad the Covered (level 6, -6/55 HPs)
             Began as a Minotaur Fighter on Dec 19, 2022.
             Was an Initiate of Trog.
             Mangled by an orc priest
             ... wielding a +1 trident of venom
              (8 damage)
             ... on level 4 of the Dungeon.
             The game lasted 00:05:34 (2543 turns).

GigaChad the Covered (Minotaur Fighter)             Turns: 2543, Time: 00:05:38

Health: -6/55      AC: 10    Str: 22    XL:     6   Next: 79%
Magic:  5/5        EV:  8    Int:  5    God:    Trog [......]
Gold:   165        SH:  4    Dex: 10    Spells: 5/5 levels left

rFire   . . .      SeeInvis .   a - +0 war axe
rCold   . . .      Faith    .   c - +0 buckler
rNeg    . . .      Spirit   .   w - +0 chain mail
rPois   .          Reflect  .   (helmet restricted)
rElec   .          Harm     .   (no cloak)
rCorr   .          Rampage  .   (no gloves)
Will    .....                   (no boots)
Stlth   ..........              k - amulet of regeneration
HPRegen 0.98/turn               (no ring)
MPRegen 0.09/turn               (no ring)

@: lethally poisoned (-6 -> -11)
A: horns 2, retaliatory headbutt
a: Renounce Religion


You were on level 4 of the Dungeon.
You worshipped Trog.
Trog was noncommittal.
You visited 1 branch of the dungeon, and saw 4 of its levels.

You collected 165 gold pieces.

Inventory:

Hand Weapons
 a - a +0 war axe (weapon)
 v - a +0 battleaxe
Armour
 b - a +0 scale mail
 c - a +0 buckler (worn)
 w - a +0 chain mail (worn)
Jewellery
 k - an amulet of regeneration (around neck)
 o - a ring of resist corrosion
Wands
 u - a wand of flame (19)
Scrolls
 e - a scroll of blinking {unknown}
 f - a scroll of magic mapping {unknown}
 g - 2 scrolls of poison {unknown}
 j - 2 scrolls of noise
 m - a scroll of butterflies {unknown}
 n - 3 scrolls of identify
 p - a scroll of acquirement {unknown}
 r - 2 scrolls of teleportation {unknown}
Potions
 d - a potion of might
 h - a potion of lignification {unknown}
 i - 3 potions of magic {unknown}
 l - 2 potions of heal wounds {unknown}
 q - a potion of ambrosia {unknown}
 s - 4 potions of attraction {unknown}
 t - 2 potions of curing {unknown}
 x - a potion of flight {unknown}
 z - a potion of degeneration {unknown}


   Skills:
 + Level 4.8 Fighting
 + Level 5.7 Axes
 + Level 5.9 Armour
 + Level 1.5 Dodging
 + Level 4.5 Shields


You had 5 spell levels left.
You didn't know any spells.
Your spell library contained the following spells:

 Spells                   Type           Power      Damage    Failure   Level
 Magic Dart               Conj           0%         1d3       99%         1
 Necrotise                Necr           0%         1d4       99%         1
 Blink                    Tloc           0%         N/A       100%        2
 Call Imp                 Summ           0%         N/A       100%        2
 Scorch                   Fire           0%         2d5       100%        2
 Confusing Touch          Hex            0%         N/A       100%        3
 Lesser Beckoning         Tloc           0%         N/A       100%        3
 Mephitic Cloud           Conj/Pois/Air  0%         N/A       100%        3
 Stone Arrow              Conj/Erth      0%         3d7       100%        3
 Vampiric Draining        Necr           0%         2d6       100%        3
 Animate Armour           Summ/Erth      0%         N/A       100%        4
 Flame Wave               Conj/Fire      0%         2d4       100%        4
 Agony                    Necr           0%         N/A       100%        5
 Manifold Assault         Tloc           0%         N/A       100%        5
 Yara's Violent Unravell  Hex/Tmut       0%         3d3       100%        5
 Summon Cactus Giant      Summ           0%         N/A       100%        6
 Enfeeble                 Hex            0%         N/A       100%        7
 Lehudib's Crystal Spear  Conj/Erth      0%         10d2      100%        8


Dungeon Overview and Level Annotations

Branches:
Dungeon (4/15)
 Temple: D:4-7

Altars:
Kikubaaqudgha
Nemelex Xobeh
Qazlal
Trog
Vehumet
Zin

Shops:
D:2 [   D:3 :


Innate Abilities, Weirdness & Mutations

You have a pair of horns on your head.
You reflexively headbutt those who attack you in melee.


Message History

You hit the orc. Your headbutt misses the orc.
The orc is heavily wounded.
The orc priest calls upon Beogh to heal the orc.
The orc's wounds heal themselves!
The orc priest barely misses you. The orc hits you with a +0 club.
The orc priest hits you from afar with a +1 trident of venom.
You are poisoned.
You block the orc's attack.
You completely miss the orc. Your headbutt misses the orc.
You feel very sick.
The orc priest invokes the aid of Beogh against you.
Beogh smites you! The orc barely misses you. You furiously retaliate!
You headbutt the orc, but do no damage.
The orc priest hits you from afar with a +1 trident of venom.
You are more poisoned.
You hit the orc but do no damage.
You feel very sick. The orc hits you with a +0 club.
You block the orc priest's attack.
You closely miss the orc. You headbutt the orc, but do no damage.
You feel very sick.
The orc priest hits you but does no damage.
You are more poisoned.
The orc closely misses you. The orc priest barely misses you.
The orc hits you with a +0 club.
You hit the orc.
The orc is lightly wounded.
You feel very sick. You block the orc's attack.
The orc priest calls down the wrath of Beogh upon you.
Beogh smites you!
* * * LOW HITPOINT WARNING * * *
Unknown command.
Unknown command.
You slash the orc!
You kill the orc!
Trog accepts your kill.
* * * LOW HITPOINT WARNING * * *
You feel very sick.
The orc priest hits you from afar with a +1 trident of venom!
You die...

..# ...#....#. ..####
........r ......
......... .....# #######
#........
..##.###.....###........
.....##...8...##.o..o...
.....#.._..._..#.oo.{o..
##...#....#....#o####...
###..#.8.###.♣.#@### .
.###.#...##....#...#
.....#...#.._..#...#
.........#....##...#
###...####.♣.###.8.#
####.## #....#....#
.....# #.._..._..#
.....## ##...8...##
####..# ####.....##


You could see 2 orc priests and an orc wizard.

Vanquished Creatures
  Grinder (D:4)
  An orc priest (D:4)
  A gnoll bouda (D:4)
  A jelly (D:2)
  2 orc wizards (D:4)
  3 gnolls (D:4)
  3 adders
  A dart slug (D:1)
  9 orcs
  6 endoplasms
  5 giant cockroaches
  4 goblins
  5 hobgoblins
  4 jackals (D:4)
  3 quokkas
  5 ball pythons
  6 bats
  2 frilled lizards
  5 kobolds
  5 rats
72 creatures vanquished.

Notes
Turn   | Place    | Note
-------+----------+-------------------------------------------
     0 | D:1      | GigaChad the Minotaur Fighter began the quest for the Orb.
     0 | D:1      | Reached XP level 1. HP: 19/19 MP: 0/0
   153 | D:1      | Found a faded altar of an unknown god.
   312 | D:1      | Reached XP level 2. HP: 27/27 MP: 1/1
   876 | D:2      | Reached XP level 3. HP: 32/33 MP: 2/2
  1215 | D:2      | Reached XP level 4. HP: 38/40 MP: 3/3
  1489 | D:2      | Found Caich's Armour Boutique.
  1933 | D:3      | Found Baofiapt's Book Emporium.
  2159 | D:3      | Found a stormy altar of Qazlal.
  2245 | D:4      | Noticed Grinder
  2265 | D:4      | Killed Grinder
  2266 | D:4      | Reached skill level 5 in Armour
  2266 | D:4      | Reached skill level 1 in Dodging
  2266 | D:4      | Reached XP level 5. HP: 46/47 MP: 4/4
  2266 | D:4      | Reached XP level 6. HP: 52/53 MP: 5/5
  2343 | D:4      | Reached skill level 5 in Axes
  2490 | D:4      | Found a glowing silver altar of Zin.
  2498 | D:4      | Found an ancient bone altar of Kikubaaqudgha.
  2501 | D:4      | Found a sparkling altar of Nemelex Xobeh.
  2501 | D:4      | Found a radiant altar of Vehumet.
  2509 | D:4      | Found a bloodstained altar of Trog.
  2515 | D:4      | Became a worshipper of Trog the Wrathful
  2543 | D:4      | HP: 2/55 [poisoned by an orc priest]
  2543 | D:4      | Mangled by an orc priest

Illustrated notes

Levels and vault maps discovered:
D:1:      dpeg_arrival_more_subterranean_lakeside_camping, layout_basic,
          hellmonk_ecumenical_altar_arch_garden
D:2:      layout_loops_cross, serial_shops, shop
D:3:      layout_rooms, general_overflow_altar, serial_shops,
          nicolae_shop_statue_plus
D:4:      layout_layer_cave, nicolae_overflow_hallway_of_the_gods, uniq_grinder

Skill      XL: |  1  2  3  4  5  6 |
---------------+-------------------+-----
Fighting       | 4 |  4.8
Axes           | 3 4 5 |  5.7
Armour         | 4 5 |  5.9
Shields        | 4 |  4.5
Dodging        | 1 |  1.5

Action                   |  1- 3 |  4- 6 || total
-------------------------+-------+-------++-------
Melee: War axe           |    44 |   101 ||   145
       Headbutt          |     4 |    18 ||    22
  Use: Scroll            |       |     1 ||     1
Armor: Scale mail        |    33 |    42 ||    75
       Chain mail        |       |    41 ||    41
Dodge: Dodged            |    31 |    82 ||   113
Block: Buckler           |    20 |    32 ||    52
